 Dungeon Crawl Stone Soup version 0.28-a0-861-ge64d6db94f (webtiles) character file.

Game seed: 16120116887112700879

234 McGhostyFace the Covert (level 6, -5/53 HPs)
             Began as a Gnoll Delver on Nov 16, 2021.
             Killed from afar by a white imp (7 damage)
             ... with a puff of frost
             ... on level 6 of the Dungeon.
             The game lasted 00:04:08 (1116 turns).

McGhostyFace the Covert (Gnoll Delver)              Turns: 1116, Time: 00:04:08

Health: -5/53      AC:  3    Str: 12    XL:     6   Next: 5%
Magic:  2/2        EV: 13    Int: 11    God:
Gold:   40         SH:  0    Dex: 13    Spells: 8/8 levels left

rFire   . . .      SeeInvis .   i - +3 dagger (antimagic)
rCold   . . .      Faith    .   (no shield)
rNeg    . . .      Spirit   .   b - +0 leather armour
rPois   .          Reflect  .   (no helmet)
rElec   .          Harm     .   (no cloak)
rCorr   .          Rampage  .   (no gloves)
Will    .....                   (no boots)
Stlth   ++++......              (no amulet)
HPRegen 0.17/turn               (no ring)
MPRegen 0.08/turn               (no ring)

@: no status effects
A: fangs 1, strong nose, distributed training
a: no special abilities


You were on level 6 of the Dungeon.
You visited 1 branch of the dungeon, and saw 2 of its levels.

You collected 40 gold pieces.

Inventory:

Hand Weapons
 a - a +0 short sword
 i - a +3 antimagic dagger (weapon)
Armour
 b - a +0 leather armour (worn)
Wands
 g - a wand of digging (3)
Scrolls
 c - a scroll of fog
 d - a scroll of magic mapping
 e - a scroll of fear


   Skills:
 + Level 6.7 Fighting
 + Level 4.9 Short Blades
 + Level 1.7 Long Blades
 + Level 1.7 Axes
 + Level 1.7 Maces & Flails
 + Level 1.7 Polearms
 + Level 1.7 Staves
 + Level 1.7 Slings
 + Level 1.7 Bows
 + Level 1.7 Crossbows
 + Level 1.7 Throwing
 + Level 1.7 Armour
 + Level 4.9 Dodging
 + Level 9.7 Stealth
 + Level 1.7 Shields
 + Level 1.7 Unarmed Combat
 + Level 1.7 Spellcasting
 + Level 1.3 Conjurations
 + Level 1.3 Hexes
 + Level 1.3 Summonings
 + Level 1.3 Necromancy
 + Level 1.3 Translocations
 + Level 1.3 Transmutations
 + Level 1.3 Fire Magic
 + Level 1.3 Ice Magic
 + Level 1.3 Air Magic
 + Level 1.3 Earth Magic
 + Level 1.3 Poison Magic
 + Level 2.0 Invocations
 + Level 1.7 Evocations


You had 8 spell levels left.
You didn't know any spells.
Your spell library contained the following spells:

 Spells                   Type           Power      Damage    Failure   Level
 Tukima's Dance           Hex            4%         N/A       54%         3
 Passage of Golubria      Tloc           4%         N/A       91%         4
 Yara's Violent Unravell  Hex/Tmut       2%         3d3       99%         5


Dungeon Overview and Level Annotations

Branches:
Dungeon (6/15)
 Temple: D:4-7

Altars:


Innate Abilities, Weirdness & Mutations

You have very sharp teeth.
Your uncanny sense of smell can sniff out nearby items.
Your experience applies equally to all skills.


Message History

A gnoll is nearby!
A gnoll comes into view. It is wielding a +0 spear.
Things that are here:
a +0 flail; a +0 leather armour; an orc skeleton
Things that are here:
a +0 flail; a +0 leather armour; an orc skeleton You start resting.
An orc is nearby!
The gnoll shaman shouts!
You hear a shout!
The gnoll shouts!
You hear a shout!
Something shouts, "Fly, thou twisted guts-griping urchin!"
You hear a shout!
Okay, then.
As you read the scroll labelled TODGHO QULATENA, it crumbles to dust.
It is a scroll of identify.
h - a scroll of enchant weapon
As you read the scroll of enchant weapon, it crumbles to dust.
Your +2 antimagic dagger glows red for a moment.
The gnoll hits you from afar with a +0 spear!
The orc hits you but does no damage.
The gnoll shouts!
You hit the white imp but do no damage. The gnoll barely misses you.
The orc closely misses you. The white imp closely misses you.
You hit the white imp.
The white imp's magic leaks into the air.
The white imp is moderately wounded.
The gnoll barely misses you. The orc barely misses you.
You hit the white imp but do no damage.
The white imp is moderately wounded.
The white imp hits you.
* * * LOW HITPOINT WARNING * * *
The white imp freezes you.
* * * LOW HITPOINT WARNING * * *
The orc wizard gestures wildly while chanting.
The orc wizard flickers and vanishes!
Deactivating autopickup; reactivate with Ctrl-A.
The gnoll closely misses you. The orc hits you with a +0 flail!
* * * LOW HITPOINT WARNING * * *
The white imp gestures at you. The puff of frost hits you!
You die...

.Z..... .......... #
......[.. .. ##.......#
... ...####...#.... ....
..........###..###.....
.......#....##..........
#.......###<###..........
..........##.##.@.#.o!..##
s............#..5##.......
.............go### .5.....
.............gg# o.o....
............#..### ......S
...........###{..#.......#
...$........##)........###
##...................
#.....###...#.......


You could see a gnoll shaman, 2 gnolls, a white imp and an orc.

Vanquished Creatures
  A black bear (D:5)
  A scorpion (D:5)
  A water moccasin zombie (D:5)
  A bullfrog skeleton (D:6)
  A gnoll (D:6)
  An orc (D:6)
6 creatures vanquished.

Notes
Turn   | Place    | Note
-------+----------+-------------------------------------------
     0 | D:5      | Reached skill level 9 in Stealth
     0 | D:5      | McGhostyFace the Gnoll Delver began the quest for the Orb.
     0 | D:5      | Reached XP level 1. HP: 23/23 MP: 1/1
     6 | D:5      | Noticed a black bear
    28 | D:5      | Killed a black bear
    29 | D:5      | Reached skill level 1 in Long Blades
    29 | D:5      | Reached skill level 1 in Axes
    29 | D:5      | Reached skill level 1 in Maces & Flails
    29 | D:5      | Reached skill level 1 in Polearms
    29 | D:5      | Reached skill level 1 in Staves
    29 | D:5      | Reached skill level 1 in Slings
    29 | D:5      | Reached skill level 1 in Bows
    29 | D:5      | Reached skill level 1 in Crossbows
    29 | D:5      | Reached skill level 1 in Throwing
    29 | D:5      | Reached skill level 1 in Armour
    29 | D:5      | Reached skill level 1 in Shields
    29 | D:5      | Reached skill level 1 in Unarmed Combat
    29 | D:5      | Reached skill level 1 in Spellcasting
    29 | D:5      | Reached skill level 1 in Invocations
    29 | D:5      | Reached skill level 1 in Evocations
    29 | D:5      | Reached XP level 2. HP: 6/29 MP: 1/3
    29 | D:5      | Reached XP level 3. HP: 8/35 MP: 1/4
    29 | D:5      | Reached XP level 4. HP: 9/41 MP: 1/5
   311 | D:5      | Noticed a phantom
   353 | D:5      | Noticed a scorpion
   392 | D:5      | Killed a scorpion
   393 | D:5      | Reached skill level 1 in Conjurations
   393 | D:5      | Reached skill level 1 in Hexes
   393 | D:5      | Reached skill level 1 in Summonings
   393 | D:5      | Reached skill level 1 in Necromancy
   393 | D:5      | Reached skill level 1 in Translocations
   393 | D:5      | Reached skill level 1 in Transmutations
   393 | D:5      | Reached skill level 1 in Fire Magic
   393 | D:5      | Reached skill level 1 in Ice Magic
   393 | D:5      | Reached skill level 1 in Air Magic
   393 | D:5      | Reached skill level 1 in Earth Magic
   393 | D:5      | Reached skill level 1 in Poison Magic
   393 | D:5      | Reached XP level 5. HP: 14/47 MP: 5/7
   876 | D:6      | Reached XP level 6. HP: 22/53 MP: 2/8
  1115 | D:6      | HP: 2/53 [orc (7)]
  1116 | D:6      | Killed from afar by a white imp

Illustrated notes

Levels and vault maps discovered:
D:5:      layout_basic, st_stairs_12, minmay_stone_trees_small
D:6:      layout_cave_pools, minmay_temple_entry_enclosed_plants, uniq_eustachio

Skill      XL: |  1  2  3  4  5  6 |
---------------+-------------------+-----
Stealth        | |  9.7
Long Blades    | 1 |  1.7
Axes           | 1 |  1.7
Maces & Flails | 1 |  1.7
Polearms       | 1 |  1.7
Staves         | 1 |  1.7
Slings         | 1 |  1.7
Bows           | 1 |  1.7
Crossbows      | 1 |  1.7
Throwing       | 1 |  1.7
Armour         | 1 |  1.7
Shields        | 1 |  1.7
Unarmed Combat | 1 |  1.7
Spellcasting   | 1 |  1.7
Invocations    | 1 2 |  2.0
Evocations     | 1 |  1.7
Conjurations   | 1 |  1.3
Hexes          | 1 |  1.3
Summonings     | 1 |  1.3
Necromancy     | 1 |  1.3
Translocations | 1 |  1.3
Transmutations | 1 |  1.3
Fire Magic     | 1 |  1.3
Ice Magic      | 1 |  1.3
Air Magic      | 1 |  1.3
Earth Magic    | 1 |  1.3
Poison Magic   | 1 |  1.3
Fighting       | |  6.7
Short Blades   | |  4.9
Dodging        | |  4.9

Action                   |  1- 3 |  4- 6 || total
-------------------------+-------+-------++-------
Melee: Short sword       |    18 |    27 ||    45
       Bite              |     1 |     6 ||     7
       Dagger            |       |    27 ||    27
  Use: Potion            |     1 |       ||     1
       Scroll            |       |     2 ||     2
 Stab: Sleeping          |       |     2 ||     2
Armor: Leather armour    |     7 |     7 ||    14
Dodge: Dodged            |    18 |    31 ||    49

Table legend: (Time is in decaauts)
 A = Elapsed time spent in this place.
 B = Non-inter-level travel time spent in this place.
 C = Inter-level travel time spent in this place.
 D = Time resting spent in this place.
 E = Time spent auto-exploring this place.
 F = Levels seen in this place.
 G = Mean time per level.
                   A        B        C        D        E       F      G
               +--------+--------+--------+--------+--------+-----+--------+
         Total |   1084 |   1068 |     16 |    705 |      0 |   2 |  542.0 |
       Dungeon |   1084 |   1068 |     16 |    705 |      0 |   2 |  542.0 |
               +--------+--------+--------+--------+--------+-----+--------+

Top non-repeatable levels by time:
     D:5: 824 daAuts
     D:6: 260 daAuts
